[ AOE2 MATCH · #505986732 ]
UnrankedMapuche vs Aztecs
Player's team · LOSS
Rival team · WIN
[ REPLAY ANALYSIS · EXTRACTED FROM THE RECORDED GAME ]
Feudal
9:31
Castle
22:55
Imperial
40:24
| APM avg | 59.7 |
| APM peak | 84 |
| eAPM avg | 33.8 |
| Villagers / military | 265 / 139 |
Focus
⚔️ 42.3% · 🌾 57.7%
Unknown (2550) ×138 · Bolas Rider ×56 · Kona ×42 · Petard ×27 · Trebuchet (Packed) ×12 · Skirmisher ×2
Feudal
11:12
Castle
16:00
Imperial
46:23
| APM avg | 72.0 |
| APM peak | 119 |
| eAPM avg | 54.2 |
| Villagers / military | 518 / 197 |
Focus
⚔️ 49.7% · 🌾 50.3%
Jaguar Warrior ×47 · Archer ×44 · Skirmisher ×35 · Militia ×29 · Battering Ram ×29 · Eagle Scout ×9
Match map
Initial resources + every placement click. Lines = walls · curves = elevation contours. ◆ gold · ⬟ stone · ● berries · ✦ relic · ◌ wall gap
Your base· Open — unwalled flank
HaraKiri_aoe's base· Open — unwalled flank
Smoothed initial terrain · ◌ = detected wall gap · hover for details
Inputs per minute
— Zezlot - - HaraKiri_aoe
Build order — Zezlot
First 150 of 722 actions detected
| 0:00 | Queue | Villager (Male) |
| 0:00 | Queue | Villager (Male) |
| 0:02 | Build | House |
| 0:03 | Build | House |
| 0:07 | Queue | Villager (Male) |
| 0:07 | Queue | Villager (Male) |
| 0:11 | Build | House |
| 0:54 | Research | Loom |
| 1:13 | Queue | Villager (Male) |
| 1:19 | Queue | Villager (Male) |
| 1:49 | Queue | Villager (Male) |
| 1:57 | Queue | Villager (Male) |
| 2:10 | Queue | Villager (Male) |
| 2:29 | Queue | Villager (Male) |
| 2:45 | Queue | Villager (Male) |
| 3:03 | Queue | Villager (Male) |
| 3:08 | Build | House |
| 3:15 | Queue | Villager (Male) |
| 3:16 | Queue | Villager (Male) |
| 3:36 | Queue | Villager (Male) |
| 3:36 | Queue | Villager (Male) |
| 3:39 | Queue | Villager (Male) |
| 3:40 | Queue | Villager (Male) |
| 3:56 | Queue | Villager (Male) |
| 4:02 | Queue | Villager (Male) |
| 4:11 | Queue | Villager (Male) |
| 4:20 | Build | Settlement |
| 4:46 | Queue | Villager (Male) |
| 4:50 | Queue | Villager (Male) |
| 5:01 | Queue | Villager (Male) |
| 5:02 | Queue | Villager (Male) |
| 5:20 | Queue | Villager (Male) |
| 5:22 | Queue | Villager (Male) |
| 5:26 | Queue | Villager (Male) |
| 5:31 | Queue | Villager (Male) |
| 5:36 | Queue | Villager (Male) |
| 5:44 | Queue | Villager (Male) |
| 5:48 | Build | Settlement |
| 5:54 | Build | Settlement |
| 5:59 | Build | House |
| 6:04 | Queue | Villager (Male) |
| 6:06 | Queue | Villager (Male) |
| 6:31 | Queue | Villager (Male) |
| 6:44 | Queue | Villager (Male) |
| 6:47 | Queue | Villager (Male) |
| 6:53 | Queue | Villager (Male) |
| 6:53 | Queue | Villager (Male) |
| 6:53 | Queue | Villager (Male) |
| 6:58 | Queue | Villager (Male) |
| 7:04 | Research | Feudal Age |
| 7:11 | Queue | Villager (Male) |
| 7:12 | Queue | Villager (Male) |
| 7:16 | Queue | Villager (Male) |
| 7:16 | Queue | Villager (Male) |
| 7:24 | Queue | Villager (Male) |
| 7:32 | Queue | Villager (Male) |
| 7:40 | Queue | Villager (Male) |
| 7:56 | Build | Barracks |
| 7:58 | Queue | Villager (Male) |
| 7:58 | Queue | Villager (Male) |
| 8:02 | Queue | Villager (Male) |
| 8:25 | Queue | Villager (Male) |
| 8:31 | Build | House |
| 8:32 | Build | House |
| 8:33 | Build | House |
| 8:34 | Build | House |
| 8:36 | Build | House |
| 8:43 | Queue | Unit 2550 |
| 8:44 | Queue | Unit 2550 |
| 9:00 | Queue | Unit 2550 |
| 9:00 | Queue | Unit 2550 |
| 9:00 | Queue | Unit 2550 |
| 9:11 | Build | Barracks |
| 9:13 | Queue | Unit 2550 |
| 9:16 | Queue | Villager (Male) |
| 9:16 | Queue | Villager (Male) |
| 9:26 | Queue | Unit 2550 |
| 9:31 | Age | Feudal Age |
| 9:31 | Research | Tech 1402 |
| 9:31 | Research | Tech 1402 |
| 9:32 | Queue | Villager (Male) |
| 9:39 | Queue | Villager (Male) |
| 9:41 | Queue | Unit 2550 |
| 9:42 | Queue | Unit 2550 |
| 9:45 | Queue | Unit 2550 |
| 9:45 | Queue | Villager (Male) |
| 9:47 | Queue | Villager (Male) |
| 9:48 | Queue | Unit 2550 |
| 10:01 | Build | Settlement |
| 10:04 | Queue | Villager (Male) |
| 10:07 | Queue | Unit 2550 |
| 10:13 | Build | Watch Tower |
| 10:26 | Queue | Unit 2550 |
| 10:26 | Queue | Unit 2550 |
| 10:26 | Queue | Unit 2550 |
| 10:42 | Build | Watch Tower |
| 10:42 | Queue | Unit 2550 |
| 10:43 | Queue | Unit 2550 |
| 10:49 | Build | House |
| 10:53 | Queue | Unit 2550 |
| 10:56 | Queue | Villager (Male) |
| 10:59 | Queue | Villager (Male) |
| 11:32 | Queue | Unit 2550 |
| 11:39 | Queue | Villager (Male) |
| 11:43 | Build | Farm |
| 11:43 | Build | Farm |
| 11:43 | Build | Farm |
| 11:43 | Build | Farm |
| 11:44 | Build | Farm |
| 11:44 | Build | Farm |
| 11:45 | Queue | Villager (Male) |
| 11:45 | Queue | Villager (Male) |
| 11:49 | Build | Watch Tower |
| 11:49 | Queue | Unit 2550 |
| 11:51 | Queue | Unit 2550 |
| 11:56 | Build | Palisade Wall |
| 11:57 | Build | Palisade Wall |
| 11:58 | Queue | Unit 2550 |
| 11:59 | Queue | Villager (Male) |
| 12:00 | Queue | Unit 2550 |
| 12:16 | Build | Watch Tower |
| 12:17 | Queue | Villager (Male) |
| 12:19 | Queue | Villager (Male) |
| 13:03 | Build | Market |
| 13:05 | Queue | Unit 2550 |
| 13:06 | Queue | Unit 2550 |
| 13:06 | Queue | Unit 2550 |
| 13:08 | Build | Palisade Wall |
| 13:08 | Build | Palisade Wall |
| 13:08 | Build | Palisade Wall |
| 13:09 | Build | Palisade Wall |
| 13:09 | Build | Palisade Wall |
| 13:10 | Build | Palisade Wall |
| 13:16 | Build | Farm |
| 13:16 | Build | Farm |
| 13:16 | Build | Farm |
| 13:16 | Build | Farm |
| 13:16 | Build | Farm |
| 13:17 | Build | Farm |
| 13:28 | Queue | Unit 2550 |
| 13:28 | Queue | Unit 2550 |
| 13:31 | Queue | Villager (Male) |
| 13:38 | Build | House |
| 13:39 | Build | House |
| 13:39 | Build | House |
| 13:39 | Build | House |
| 13:40 | Queue | Villager (Male) |
| 13:42 | Build | Farm |
| 13:42 | Build | Farm |
| 13:42 | Build | Farm |
Build order — HaraKiri_aoe
First 150 of 1007 actions detected
| 0:01 | Queue | Villager (Male) |
| 0:01 | Queue | Villager (Male) |
| 0:02 | Build | House |
| 0:03 | Queue | Villager (Male) |
| 0:05 | Build | House |
| 0:06 | Build | House |
| 0:06 | Queue | Villager (Male) |
| 0:08 | Build | House |
| 0:35 | Queue | Villager (Male) |
| 1:00 | Research | Loom |
| 1:00 | Research | Loom |
| 1:03 | Queue | Villager (Male) |
| 1:04 | Queue | Villager (Male) |
| 1:21 | Queue | Villager (Male) |
| 1:42 | Queue | Villager (Male) |
| 1:42 | Queue | Villager (Male) |
| 2:00 | Queue | Villager (Male) |
| 2:00 | Queue | Villager (Male) |
| 2:04 | Queue | Villager (Male) |
| 2:04 | Queue | Villager (Male) |
| 2:27 | Queue | Villager (Male) |
| 2:27 | Queue | Villager (Male) |
| 2:38 | Queue | Villager (Male) |
| 2:38 | Queue | Villager (Male) |
| 2:39 | Queue | Villager (Male) |
| 3:04 | Queue | Villager (Male) |
| 3:10 | Queue | Villager (Male) |
| 3:11 | Queue | Villager (Male) |
| 3:12 | Build | Lumber Camp |
| 3:22 | Queue | Villager (Male) |
| 3:23 | Queue | Villager (Male) |
| 3:27 | Queue | Villager (Male) |
| 3:44 | Queue | Villager (Male) |
| 3:55 | Queue | Villager (Male) |
| 3:57 | Build | House |
| 4:18 | Queue | Villager (Male) |
| 4:29 | Queue | Villager (Male) |
| 4:29 | Queue | Villager (Male) |
| 4:38 | Queue | Villager (Male) |
| 4:54 | Queue | Villager (Male) |
| 5:11 | Queue | Villager (Male) |
| 5:17 | Queue | Villager (Male) |
| 5:17 | Queue | Villager (Male) |
| 5:36 | Queue | Villager (Male) |
| 5:44 | Queue | Villager (Male) |
| 5:44 | Queue | Villager (Male) |
| 5:55 | Queue | Villager (Male) |
| 5:55 | Queue | Villager (Male) |
| 6:03 | Queue | Villager (Male) |
| 6:10 | Build | House |
| 6:19 | Build | House |
| 6:20 | Build | House |
| 6:23 | Queue | Villager (Male) |
| 6:24 | Queue | Villager (Male) |
| 6:34 | Queue | Villager (Male) |
| 6:38 | Queue | Villager (Male) |
| 6:39 | Queue | Villager (Male) |
| 6:41 | Build | Mill |
| 6:44 | Queue | Villager (Male) |
| 6:48 | Queue | Villager (Male) |
| 6:54 | Queue | Villager (Male) |
| 6:55 | Queue | Villager (Male) |
| 6:56 | Queue | Villager (Male) |
| 7:00 | Queue | Villager (Male) |
| 7:01 | Queue | Villager (Male) |
| 7:04 | Build | Mill |
| 7:21 | Queue | Villager (Male) |
| 7:22 | Queue | Villager (Male) |
| 7:22 | Queue | Villager (Male) |
| 7:23 | Queue | Villager (Male) |
| 7:23 | Queue | Villager (Male) |
| 7:24 | Queue | Villager (Male) |
| 7:27 | Queue | Villager (Male) |
| 7:27 | Queue | Villager (Male) |
| 7:29 | Build | House |
| 7:30 | Build | House |
| 7:31 | Queue | Villager (Male) |
| 7:57 | Queue | Villager (Male) |
| 7:59 | Queue | Villager (Male) |
| 7:59 | Queue | Villager (Male) |
| 8:02 | Queue | Villager (Male) |
| 8:02 | Queue | Villager (Male) |
| 8:14 | Queue | Villager (Male) |
| 8:26 | Queue | Villager (Male) |
| 8:26 | Queue | Villager (Male) |
| 8:32 | Queue | Villager (Male) |
| 8:34 | Build | House |
| 8:34 | Queue | Villager (Male) |
| 8:45 | Queue | Villager (Male) |
| 8:50 | Research | Feudal Age |
| 8:52 | Queue | Villager (Male) |
| 8:53 | Queue | Villager (Male) |
| 8:54 | Queue | Villager (Male) |
| 8:59 | Build | Barracks |
| 9:00 | Queue | Villager (Male) |
| 9:00 | Queue | Villager (Male) |
| 9:01 | Queue | Villager (Male) |
| 9:01 | Queue | Villager (Male) |
| 9:05 | Queue | Villager (Male) |
| 9:08 | Build | Lumber Camp |
| 9:09 | Queue | Villager (Male) |
| 9:09 | Queue | Villager (Male) |
| 9:13 | Build | Lumber Camp |
| 9:19 | Queue | Villager (Male) |
| 9:28 | Build | Farm |
| 9:30 | Build | Farm |
| 9:30 | Queue | Villager (Male) |
| 9:31 | Build | Farm |
| 9:39 | Queue | Villager (Male) |
| 9:55 | Queue | Villager (Male) |
| 9:56 | Queue | Villager (Male) |
| 9:57 | Queue | Villager (Male) |
| 9:58 | Queue | Villager (Male) |
| 10:01 | Queue | Villager (Male) |
| 10:02 | Queue | Villager (Male) |
| 10:03 | Queue | Villager (Male) |
| 10:03 | Queue | Villager (Male) |
| 10:09 | Build | Mining Camp |
| 10:21 | Build | House |
| 10:22 | Build | House |
| 10:24 | Queue | Villager (Male) |
| 10:25 | Queue | Villager (Male) |
| 10:25 | Queue | Villager (Male) |
| 10:30 | Queue | Villager (Male) |
| 10:32 | Queue | Villager (Male) |
| 10:40 | Queue | Villager (Male) |
| 10:57 | Queue | Villager (Male) |
| 10:58 | Queue | Villager (Male) |
| 11:12 | Age | Feudal Age |
| 11:13 | Queue | Villager (Male) |
| 11:24 | Queue | Villager (Male) |
| 11:30 | Queue | Villager (Male) |
| 11:30 | Queue | Villager (Male) |
| 11:30 | Queue | Villager (Male) |
| 11:30 | Queue | Villager (Male) |
| 11:34 | Queue | Villager (Male) |
| 11:39 | Queue | Villager (Male) |
| 11:43 | Research | Man-at-Arms (upgrade) |
| 11:49 | Queue | Villager (Male) |
| 11:50 | Queue | Villager (Male) |
| 11:51 | Build | Market |
| 11:52 | Queue | Villager (Male) |
| 11:53 | Build | Watch Tower |
| 11:54 | Queue | Villager (Male) |
| 11:54 | Queue | Villager (Male) |
| 11:55 | Queue | Villager (Male) |
| 11:56 | Queue | Villager (Male) |
| 11:57 | Queue | Villager (Male) |
| 11:58 | Build | House |
| 12:01 | Queue | Villager (Male) |
Match timeline
| 7:56 | Zezlot · first_building Barracks |
| 8:59 | HaraKiri_aoe · first_building Barracks |
| 9:31 | Zezlot · age_up feudal |
| 11:12 | HaraKiri_aoe · age_up feudal |
| 11:56 | Zezlot · wall_segment Palisade Wall x1 |
| 11:57 | Zezlot · wall_segment Palisade Wall x1 |
| 13:08 | Zezlot · wall_segment Palisade Wall x1 |
| 13:08 | Zezlot · wall_segment Palisade Wall x1 |
| 13:08 | Zezlot · wall_segment Palisade Wall x1 |
| 13:09 | Zezlot · wall_segment Palisade Wall x1 |
| 13:09 | Zezlot · wall_segment Palisade Wall x1 |
| 13:10 | Zezlot · wall_segment Palisade Wall x1 |
| 13:48 | HaraKiri_aoe · wall_segment Palisade Wall x1 |
| 14:03 | HaraKiri_aoe · wall_segment Stone Wall x1 |
| 14:05 | HaraKiri_aoe · wall_segment Stone Wall x1 |
| 14:41 | Zezlot · wall_segment Palisade Wall x1 |
| 14:41 | Zezlot · wall_segment Palisade Wall x1 |
| 14:42 | Zezlot · wall_segment Palisade Wall x2 |
| 14:42 | Zezlot · wall_segment Palisade Wall x1 |
| 14:42 | Zezlot · wall_segment Palisade Wall x1 |
| 14:43 | Zezlot · wall_segment Palisade Wall x1 |
| 14:43 | Zezlot · wall_segment Palisade Wall x1 |
| 15:09 | HaraKiri_aoe · wall_segment Stone Wall x1 |
| 15:16 | HaraKiri_aoe · wall_segment Stone Wall x1 |
| 16:00 | HaraKiri_aoe · age_up castle |
| 16:22 | Zezlot · first_market_sell 500 wood |
| 16:22 | Zezlot · first_market_buy 100 food |
| 17:31 | Zezlot · wall_segment Palisade Wall x1 |
| 19:05 | HaraKiri_aoe · wall_segment Stone Wall x1 |
| 19:11 | HaraKiri_aoe · wall_segment Stone Wall x1 |
| 19:53 | HaraKiri_aoe · first_market_buy 100 food |
| 22:55 | Zezlot · age_up castle |
| 26:36 | HaraKiri_aoe · first_building Castle |
| 26:49 | Zezlot · first_building Castle |
| 26:57 | HaraKiri_aoe · first_market_sell 500 wood |
| 30:10 | HaraKiri_aoe · wall_segment Stone Wall x1 |
| 31:28 | Zezlot · first_building Archery Range |
| 32:16 | HaraKiri_aoe · first_building Siege Workshop |
| 40:24 | Zezlot · age_up imperial |
| 41:52 | HaraKiri_aoe · first_building Archery Range |
| 46:23 | HaraKiri_aoe · age_up imperial |
| 53:58 | Zezlot · resign |
[ AI ANALYSIS · 1 CREDIT ]
What really happened in this match?
Wolo.gg analyzes every decision: build order, eco, micro, common mistakes by bracket. Personalized analysis on WhatsApp or Discord in 30 seconds.
Civ guide
Mapuche
Perfil
Jugador #14438285